 Dungeon Crawl Stone Soup version 0.32-a0-872-g59262bdc9b (webtiles) character file.

Game seed: 2417249736659425585

119 funkygono the Firebug (level 4, -2/24 HPs)
             Began as a Deep Elf Fire Elementalist on Mar 30, 2024.
             Killed from afar by an orc wizard (5 damage)
             ... with a magic dart
             ... on level 4 of the Dungeon.
             The game lasted 00:03:29 (2584 turns).

funkygono the Firebug (Deep Elf Fire Elementalist)  Turns: 2584, Time: 00:03:30

Health: -2/24      AC:  3    Str:  5    XL:     4   Next: 73%
Magic:  3/12       EV: 12    Int: 22    God:
Gold:   64         SH:  0    Dex: 17    Spells: 9/12 levels left

rFire   . . .        o - staff of Optimality {rElec rPois Dex+2 Ice Air}
rCold   . . .        (no shield)
rNeg    . . .        a - +0 robe
rPois   +            (no helmet)
rElec   +            (no cloak)
rCorr   .            n - +0 pair of gloves
SInv    .            (no boots)
Will    .....        (no amulet)
Stlth   ++           (no ring)
HPRegen 0.24/turn    (no ring)
MPRegen 0.13/turn

%: no passive effects
@: no status effects
A: no striking features
a: no special abilities


You were on level 4 of the Dungeon.
You visited 1 branch of the dungeon, and saw 3 of its levels.

You collected 64 gold pieces.

Inventory:

Hand Weapons
 c - a +0 dagger
Armour
 a - a +0 robe (worn)
 n - a +0 pair of gloves (worn)
 q - +0 pearl dragon scales
Magical Staves
 o - the staff of Optimality (weapon) {rElec rPois Dex+2 Ice Air}
   (You took it off a goblin on level 2 of the Dungeon)

   [staff of air]

   Base accuracy: +5 Base damage: 5 Base attack delay: 1.2 This weapon's minimum
   attack delay (0.6) is reached at skill level 12.
   Dex+2:     It affects your dexterity (+2).
   rElec:     It insulates you from electricity.
   rPois:     It protects you from poison.
   Ice:       It increases the power of your Ice spells.
   Air:       It increases the power of your Air spells.
   It falls into the 'Staves' category.
   It is a one-handed weapon.
Scrolls
 d - 3 scrolls of teleportation {unknown}
 e - a scroll of blinking {unknown}
 f - 2 scrolls of enchant weapon {unknown}
 h - 2 scrolls of identify {unknown}
 i - a scroll of vulnerability {unknown}
 j - a scroll of torment {unknown}
 p - a scroll of immolation {unknown}
Potions
 b - a potion of magic
 g - 2 potions of berserk rage {unknown}
 k - a potion of heal wounds {unknown}
 l - a potion of curing {unknown}
 m - a potion of attraction {unknown}
 r - a potion of might {unknown}
 s - a potion of haste {unknown}


   Skills:
 + Level 2.7 Dodging
 + Level 2.9 Stealth
 + Level 4.5 Spellcasting
 + Level 2.1 Conjurations
 + Level 4.5 Fire Magic


You had 9 spell levels left.
You knew the following spells:

 Your Spells              Type           Power      Damage    Failure   Level
a - Foxfire               Conj/Fire      76%        2x1d7     2%          1
b - Scorch                Fire           50%        2d7       2%          2

Your spell library contained the following spells:

 Spells                   Type           Power      Damage    Failure   Level
 Inner Flame              Hex/Fire       15%        N/A       12%         3
 Volatile Blastmotes      Fire/Tloc      30%        2d12      12%         3
 Flame Wave               Conj/Fire      19%        2d7       26%         4


Dungeon Overview and Level Annotations

Branches:
Dungeon (4/15)
 Temple: D:4-7

Altars:


Message History

You conjure some foxfire!
The foxfire hits the orc but does no damage.
The orc is lightly wounded.
The foxfire hits the orc.
The orc is moderately wounded.
The orc wizard mumbles some strange words.
The orc wizard flickers and vanishes!
The orc wizard gestures at you while chanting.
The magic dart hits you!
You hear a shout!
Casting: Foxfire (safe; 2% risk of failure)
Confirm with . or Enter, or press ? or * to list all spells.
You conjure some foxfire!
The foxfire hits the orc but does no damage.
The orc is moderately wounded.
The foxfire hits the orc.
You kill the orc!
You hear some strange, mumbled words.
Something tries to affect you, but you resist.
Casting: Foxfire (safe; 2% risk of failure)
Confirm with . or Enter, or press ? or * to list all spells.
You conjure some foxfire!
The foxfire hits the orc.
The orc is moderately wounded.
The foxfire hits the orc.
The orc is heavily wounded.
A puff of flame appears from out of thin air!
The puff of flame hits you!
The foxfire hits the orc.
The orc is severely wounded.
An orc comes into view. It is wielding a +0 whip.
The foxfire hits something.
An orc comes into view. It is wielding a +0 dagger.
The orc wizard gestures wildly while chanting.
The orc wizard flickers and vanishes!
A magic dart appears from out of thin air!
The magic dart hits you!
* * * LOW HITPOINT WARNING * * *
The orc attacks as it pursues you! The orc closely misses you.
A magic dart appears from out of thin air!
The magic dart hits you.
You die...

.......†###
........######## ..
................ ..#..#.
........###.#### ......
######.####.# .....
#....#'########..#
#.#.............#######
#.#.............#.....##
#.#.......<@.o..........
#.#............{.$o.....
#.#...........o.)o......
#.#............o.o......
+.#......#######........
#......# ..o.o##.. #####
.....'' . .....##.
#....##


You could see an orc wizard and 6 orcs.

Vanquished Creatures
  A hound (D:4)
  Jessica (D:2)
  2 adders
  A dart slug (D:4)
  4 orcs (D:4)
  5 ball pythons
  5 bats
  2 endoplasms
  2 giant cockroaches
  5 goblins
  3 hobgoblins
  2 jackals (D:2)
  A quokka (D:1)
  A frilled lizard (D:2)
  A kobold (D:4)
  3 rats
39 creatures vanquished.

Vanquished Creatures (collateral kills)
  2 foxfires (D:1)
2 creatures vanquished.

Vanquished Creatures (others)
  134 foxfires
134 creatures vanquished.

Grand Total: 175 creatures vanquished

Notes
Turn   | Place    | Note
-------+----------+-------------------------------------------
     0 | D:1      | funkygono the Deep Elf Fire Elementalist began the quest
                  | for the Orb.
     0 | D:1      | Reached XP level 1. HP: 10/10 MP: 6/6
   223 | D:1      | Found a faded altar of an unknown god.
   395 | D:1      | Reached XP level 2. HP: 15/15 MP: 5/8
   710 | D:1      | Learned a level 2 spell: Scorch
  1617 | D:2      | Reached XP level 3. HP: 19/19 MP: 6/9
  1866 | D:2      | Noticed Jessica
  1869 | D:2      | Killed Jessica
  1969 | D:2      | Identified the staff of Optimality {rElec rPois Dex+2 Ice
                  | Air}
  2169 | D:2      | You fall into a shaft and drop 2 floors!
  2198 | D:4      | Reached XP level 4. HP: 24/24 MP: 3/12
  2584 | D:4      | Killed from afar by an orc wizard

Illustrated notes

Levels and vault maps discovered:
D:1:      dpeg_arrival_shelter, layout_loops_corners,
          shapermc_ecumenical_altar_pompeii, serial_rivers,
          chequers_serial_rivers_micro_c, chequers_serial_rivers_micro_d,
          chequers_serial_rivers_room_b, chequers_serial_rivers_large_b,
          chequers_serial_rivers_room_a, minmay_hedge_maze
D:2:      layout_basic, minmay_misc_feat_chi, uniq_jessica
D:4:      layout_basic

Skill      XL: |  1  2  3  4 |
---------------+-------------+-----
Fire Magic     | 4 |  4.5
Spellcasting   | 4 |  4.5
Conjurations   | 2 |  2.1
Dodging        | |  2.7
Stealth        | |  2.9

Action                     |  1- 3 |  4- 6 || total
---------------------------+-------+-------++-------
   Cast: Foxfire           |    52 |    28 ||    80
         Scorch            |     6 |     1 ||     7
 Armour: Robe              |     4 |     4 ||     8
  Dodge: Dodged            |    11 |     2 ||    13

Table legend: (Time is in decaauts)
 A = Elapsed time spent in this place.
 B = Non-inter-level travel time spent in this place.
 C = Inter-level travel time spent in this place.
 D = Time resting spent in this place.
 E = Time spent auto-exploring this place.
 F = Levels seen in this place.
 G = Mean time per level.
                   A        B        C        D        E       F      G
               +--------+--------+--------+--------+--------+-----+--------+
         Total |   2610 |   2570 |     40 |      0 |   2283 |   3 |  870.0 |
       Dungeon |   2610 |   2570 |     40 |      0 |   2283 |   3 |  870.0 |
               +--------+--------+--------+--------+--------+-----+--------+

Top non-repeatable levels by time:
     D:1: 1263 daAuts
     D:2: 932 daAuts
     D:4: 414 daAuts
